 Dungeon Crawl Stone Soup version 0.29-a0-925-g0a7a3d12f8 (webtiles) character file.

Game seed: 2127855448372079587

55051 quixfox the Geomancer (level 14, -7/88 HPs)
             Began as a Gargoyle Earth Elementalist on July 28, 2022.
             Was an Elder of Vehumet.
             Killed by divine providence
             ... invoked by an orc priest
              (13 damage)
             ... on level 1 of the Orcish Mines.
             The game lasted 01:28:24 (22958 turns).

quixfox the Geomancer (GrEE)                       Turns: 22958, Time: 01:28:24

Health: -7/88      AC: 26    Str: 12    XL:     14   Next: 75%
Magic:  4/37       EV: 17    Int: 21    God:    Vehumet [****..]
Gold:   1145       SH:  0    Dex: 10    Spells: 3/33 levels left

rFire   . . .      SeeInvis +   N - staff of earth
rCold   . . .      Faith    .   (no shield)
rNeg    + . .      Spirit   .   g - +2 robe {Archmagi}
rPois   ∞          Reflect  .   b - +1 helmet
rElec   +          Harm     .   C - +1 cloak
rCorr   .          Rampage  .   I - +2 pair of gloves "Banta" {SInv}
Will    +....      Archmagi +   l - +2 pair of boots {Stlth+}
Stlth   +++.......              (no amulet)
HPRegen 0.24/turn               n - +4 ring of evasion
MPRegen 0.25/turn               p - ring of magical power

@: flying, studying Maces & Flails
A: sickness immunity, AC +10, big wings, negative energy resistance 1,
electricity resistance, torment resistance 1, petrification resistance
a: Renounce Religion


You were on level 1 of the Orcish Mines.
You worshipped Vehumet.
Vehumet was greatly pleased with you.
You visited 4 branches of the dungeon, and saw 18 of its levels.
You also visited: Sewer and Ossuary.

You collected 2595 gold pieces.
You spent 1450 gold pieces at shops.

Inventory:

Hand Weapons
 E - a +7 flail of flaming
Missiles
 e - 75 poisoned darts
Armour
 b - a +1 helmet (worn)
 g - a +2 robe of the Archmagi (worn)
 l - a +2 pair of boots of stealth (worn)
 C - a +1 cloak (worn)
 I - the +2 pair of gloves "Banta" (worn) {SInv}
   (You bought it in a shop on level 4 of the Dungeon)

   SInv:      It lets you see invisible.
 J - a +0 buckler
 K - a scarf of resistance
Magical Staves
 N - a staff of earth (weapon)
Jewellery
 c - a +4 ring of protection
 j - a ring of protection from cold
 n - a +4 ring of evasion (left hand)
 p - a ring of magical power (right hand)
 G - a +6 ring of dexterity
 T - an amulet of faith
Wands
 d - a wand of mindburst (12)
 q - a wand of charming (18)
 w - a wand of digging (4)
 x - a wand of acid (5)
 O - a wand of flame (18)
 R - a wand of iceblast (7)
Scrolls
 a - 6 scrolls of identify
 f - 6 scrolls of poison
 s - 3 scrolls of enchant weapon
 t - 3 scrolls of butterflies
 y - 7 scrolls of teleportation
 F - a scroll of fear
 P - a scroll of torment
Potions
 h - 5 potions of brilliance
 i - 4 potions of heal wounds
 k - 7 potions of lignification
 m - 9 potions of curing
 o - 6 potions of haste
 r - 2 potions of attraction
 u - 7 potions of magic
 v - 7 potions of cancellation
 z - 2 potions of might
 A - 4 potions of invisibility
 B - 2 potions of ambrosia
 D - a potion of resistance
 H - a potion of berserk rage
 Q - 2 potions of mutation
Miscellaneous
 L - a phial of floods
 M - a phantom mirror
 S - a condenser vane


   Skills:
 + Level 10.4 Fighting
 + Level 9.1 Maces & Flails
 - Level 0.2(5.6) Staves
 - Level 6.2 Armour
 - Level 5.2 Dodging
 - Level 2.1 Stealth
 + Level 1.0 Shields
 + Level 10.2 Spellcasting
 - Level 10.6 Conjurations
 - Level 3.1 Necromancy
 - Level 0.7 Transmutations
 + Level 7.0 Fire Magic
 + Level 13.1 Earth Magic
 + Level 7.3 Evocations


You had 3 spell levels left.
You knew the following spells:

 Your Spells              Type           Power      Damage    Failure   Level
a - Sandblast             Erth           100%       2d20      1%          1
b - Passwall              Tmut/Erth      61%        N/A       1%          2
c - Borgnjor's Vile Clut  Necr/Erth      39%        N/A       6%          5
d - Stone Arrow           Conj/Erth      100%       3d13      1%          3
e - Iron Shot             Conj/Erth      47%        9d9       2%          6
f - Sticky Flame          Conj/Fire      64%        2d8       1%          4
g - Fire Storm            Conj/Fire      32%        8d8       100%        9

Your spell library contained the following spells:

 Spells                   Type           Power      Damage    Failure   Level
 Spellforged Servitor     Conj/Summ      24%        N/A       80%         7
 Freeze                   Ice            64%        1d8       1%          1
 Necrotise                Necr           100%       1d9       1%          1
 Dazzling Flash           Conj/Hex       98%        N/A       1%          3
 Beastly Appendage        Tmut           40%        N/A       4%          1
 Sting                    Tmut/Pois      72%        1d6       5%          1
 Frozen Ramparts          Ice            32%        1d5       5%          3
 Apportation              Tloc           32%        N/A       6%          1
 Summon Small Mammal      Summ           64%        N/A       6%          1
 Wereblood                Tmut           20%        N/A       7%          2
 Spider Form              Tmut/Pois      18%        N/A       17%         3
 Gell's Gravitas          Tloc           16%        N/A       19%         3
 Lesser Beckoning         Tloc           16%        N/A       19%         3
 Teleport Other           Tloc           16%        N/A       19%         3
 Flame Wave               Conj/Fire      64%        2d15      1%          4
 Hailstorm                Conj/Ice       49%        3d11      1%          4
 Petrify                  Tmut/Erth      74%        N/A       3%          4
 Starburst                Conj/Fire      32%        6d10      7%          6
 Animate Dead             Necr           35%        N/A       17%         4
 Dispel Undead            Necr           35%        3d15      17%         4
 Corpse Rot               Necr/Pois/Air  22%        N/A       38%         4
 Agony                    Necr           35%        N/A       43%         5
 Ice Form                 Ice/Tmut       18%        N/A       50%         4
 Alistair's Intoxication  Tmut/Pois      12%        N/A       83%         5
 Silence                  Hex/Air        8%         N/A       87%         5
 Death Channel            Necr           17%        N/A       95%         6
 Haunt                    Necr/Summ      12%        N/A       100%        7
 Infestation              Necr           17%        N/A       100%        8


Dungeon Overview and Level Annotations

Branches:
Dungeon (11/15)            Temple (1/1) D:6            Lair (5/5) D:10
 Shoals (0/4) Lair:3        Snake (0/4) Lair:3        Slime (0/5) Lair:4
    Orc (1/2) D:11          Sewer (visited)         Ossuary (visited)

Altars:
Ashenzari
Cheibriados
Dithmenos
Elyvilon
Fedhas
Gozag
Hepliaklqana
Kikubaaqudgha
Makhleb
Nemelex Xobeh
Okawaru
Qazlal
Ru
Sif Muna
Trog
Uskayaw
Vehumet
Wu Jian
Xom
Yredelemnul
Zin
The Shining One
Jiyva

Shops:
D:4 [*[?   D:8 !   D:11 *   Orc:1 *=

Portals:
Hell: Lair:5

Annotations:
D:4 1 runed translucent door, Crazy Yiuf


Innate Abilities, Weirdness & Mutations

You are immune to sickness and miasma.
Your stone body is resilient. (AC +10)
You are immune to poison.
Your large and strong wings let you fly.
You resist negative energy. (rN+)
You are resistant to electric shocks. (rElec)
You are resistant to unholy torment.
You are immune to petrification.


Message History

Your punch misses the orc knight.
The orc knight is almost dead.
The orc knight hits you with a +0 great sword!
Casting: Sandblast (safe; 1% risk of failure)
Confirm with . or Enter, or press ? or * to list all spells.
You don't have enough magic to cast this spell.
Unknown command.
Casting: Sandblast (safe; 1% risk of failure)
Confirm with . or Enter, or press ? or * to list all spells.
You don't know that spell.
Casting: Sandblast (safe; 1% risk of failure)
Confirm with . or Enter, or press ? or * to list all spells.
You don't have enough magic to cast this spell.
You hit the orc knight but do no damage.
The orc knight is almost dead.
The orc knight hits you with a +0 great sword!!
* * * LOW HITPOINT WARNING * * *
Casting: Sandblast (safe; 1% risk of failure)
Confirm with . or Enter, or press ? or * to list all spells.
Aiming: Passwall (safe; 1% risk of failure)
Press: ? - help, Dir - move target, p - orc knight You can't see that place. [the floor.]
You feel a strong surge of power!
The orc knight roars a battlecry!
The orc priest goes into a battle-frenzy!
You begin to meditate on the wall.
You continue meditating on the rock.
The orc knight hits you with a +0 great sword!
* * * LOW HITPOINT WARNING * * *
You continue meditating on the rock.
The orc knight closely misses you.
You finish merging with the rock.
The orc wizard casts a spell.
The orc wizard flickers and vanishes for a moment.
There is a stone staircase leading down here.
The orc warrior throws a boomerang.
The boomerang hits you but does no damage.
The orc priest invokes the aid of Beogh against you.
Beogh smites you!
You die...

...........#........#
.................#.##
.#...........#..#####
#........##.#.#.##
##...#..)ho).....#
#......)o##.#...##
..).........### .#
.........$..o##
.#...##)....@.# .....
#.........# ....
###........# ...
.........## ..o
............#
........##...#
.......## #.##
......# ##


You could see an orc warrior (strong) and an orc priest (strong).

Vanquished Creatures
  Kirke (Lair:4)
  A dire elephant (Lair:5)
  Snorg (Lair:5)
  Josephine (Lair:5)
  A boulder beetle (D:11)
  A hydra (D:11)
  3 two-headed ogres
  Erica (D:8)
  A catoblepas (Lair:2)
  8 death yaks
  Sonja (Lair:1)
  A sixfirhy (Lair:5)
  Amaemon (D:9)
  A wizard (Lair:5)
  Pikel (D:8)
  An orc knight (Orc:1)
  2 orc sorcerers (Orc:1)
  A manticore (D:9)
  6 elephants
  A cyclops (D:11)
  4 black mambas
  Joseph (Lair:1)
  3 orange demons
  A gargoyle (D:11)
  8 cane toads
  An unseen horror (D:11)
  Maggie (Lair:1)
  A kobold demonologist (D:8)
  6 rime drakes
  8 komodo dragons
  A hellwing (Lair:5)
  An ice devil (Lair:5)
  3 red devils (Lair:5)
  6 trolls
  2 polar bears
  A merfolk (D:9)
  Grinder (Sewer)
  5 dream sheep
  2 slime creatures
  9 blink frogs (Lair:4)
  2 spriggans (Lair:3)
  6 wraiths
  4 hogs
  4 wyverns
  43 yaks
  2 steam dragons
  3 basilisks
  3 wargs
  Grum (D:8)
  2 acid dragons (D:11)
  8 water moccasins
  3 hell hounds (Lair:5)
  9 orc warriors
  3 ice beasts
  14 black bears
  13 wolves
  4 ogres
  6 centaurs
  2 lemures (D:8)
  16 kobold brigands
  2 gnoll sergeants (D:9)
  12 bullfrogs
  4 scorpions
  An elf skeleton (D:5)
  3 necrophages
  17 wights
  4 killer bees (D:10)
  4 electric eels
  7 howler monkeys
  A human zombie (D:5)
  3 centaur zombies (Ossuary)
  4 hounds
  A gnoll bouda (D:7)
  12 orc priests
  9 jellies
  4 human skeletons (D:5)
  4 iguanas
  Terence (D:2)
  Natasha (thrice) (D:4)
  21 orc wizards
  3 mummies (Ossuary)
  Robin (D:2)
  7 gnolls
  8 adders
  5 shadow imps (Sewer)
  A white imp (D:8)
  4 ufetubi
  An adder zombie (Sewer)
  2 worms
  4 dart slugs (D:1)
  62 orcs
  A bat zombie (Sewer)
  4 endoplasms
  6 giant cockroaches
  15 goblins
  21 hobgoblins
  6 jackals
  22 kobolds
  8 quokkas
  7 ball pythons
  3 bats (D:1)
  3 frilled lizards
  A gnoll zombie (Ossuary)
  A goblin zombie (Ossuary)
  A hobgoblin zombie (Ossuary)
  2 kobold zombies
  An orc zombie (Ossuary)
  7 rats
572 creatures vanquished.

Vanquished Creatures (collateral kills)
  An orc (D:11)
1 creature vanquished.

Vanquished Creatures (others)
  A human (Lair:5)
  A kobold (Sewer)
  3 bushes (Lair:2)
  85 fungi
  177 plants
267 creatures vanquished.

Grand Total: 840 creatures vanquished

Notes
Turn   | Place    | Note
-------+----------+-------------------------------------------
     0 | D:1      | quixfox the Gargoyle Earth Elementalist began the quest for
                  | the Orb.
     0 | D:1      | Reached XP level 1. HP: 10/10 MP: 3/3
   210 | D:1      | Reached skill level 4 in Earth Magic
   210 | D:1      | Reached XP level 2. HP: 15/15 MP: 0/5
   550 | D:1      | Reached XP level 3. HP: 19/19 MP: 3/6
   553 | D:1      | Learned a level 2 spell: Passwall
   555 | D:1      | Learned a level 1 spell: Apportation
   559 | D:1      | Learned a level 3 spell: Stone Arrow
  1540 | D:2      | Reached skill level 1 in Conjurations
  1552 | D:2      | Reached XP level 4. HP: 24/24 MP: 0/8
  1790 | D:2      | Found an iron altar of Okawaru.
  1800 | D:2      | Noticed Robin
  1878 | D:2      | Killed Robin
  2194 | D:2      | Noticed Terence
  2197 | D:2      | Killed Terence
  2198 | D:2      | Reached skill level 5 in Earth Magic
  2198 | D:2      | Reached XP level 5. HP: 28/28 MP: 6/9
  2526 | D:3      | Found a faded altar of an unknown god.
  2561 | D:3      | Got Plato's Folio of Permutations
  2790 | D:3      | Found a glowing drain.
  2807 | Sewer    | Entered a sewer
  2850 | Sewer    | Reached XP level 6. HP: 32/32 MP: 4/11
  3116 | Sewer    | Found an ancient bone altar of Kikubaaqudgha.
  3166 | Sewer    | Reached skill level 6 in Earth Magic
  3272 | Sewer    | Noticed Grinder
  3285 | Sewer    | Killed Grinder
  3286 | Sewer    | Reached XP level 7. HP: 35/36 MP: 7/13
  3786 | D:4      | Found Yzuv's Armour Emporium.
  3789 | D:4      | Found Cemo Uxt's Armour Shop.
  3802 | D:4      | Found Dirut's General Store.
  3887 | D:4      | Reached skill level 5 in Spellcasting
  3887 | D:4      | Reached skill level 7 in Earth Magic
  4042 | D:4      | Reached XP level 8. HP: 35/41 MP: 11/15
  4284 | D:4      | Reached skill level 5 in Conjurations
  4324 | D:4      | Found a runed translucent door.
  4325 | D:4      | Noticed Crazy Yiuf
  4349 | D:4      | Found Gaeryaxzoo's Magic Scroll Shoppe.
  4418 | D:4      | Noticed Natasha
  4422 | D:4      | Killed Natasha
  4733 | D:4      | Noticed Natasha
  4736 | D:4      | Killed Natasha
  4823 | D:4      | Noticed Natasha
  4830 | D:4      | Killed Natasha
  4831 | D:4      | Reached skill level 1 in Fighting
  4846 | D:5      | Entered Level 5 of the Dungeon
  4990 | D:5      | Reached skill level 1 in Armour
  4992 | D:5      | Reached skill level 1 in Evocations
  5195 | D:5      | Found a sand-covered staircase.
  5202 | Ossuary  | Entered an ossuary
  5523 | D:5      | Reached XP level 9. HP: 49/49 MP: 9/17
  5981 | D:6      | Reached skill level 8 in Earth Magic
  6267 | D:6      | Found a staircase to the Ecumenical Temple.
  6274 | Temple   | Entered the Ecumenical Temple
  7872 | D:4      | Bought the +2 pair of gloves "Banta" {SInv} for 359 gold
                  | pieces
  8056 | D:7      | Reached XP level 10. HP: 54/58 MP: 16/19
  8122 | D:7      | Reached skill level 9 in Earth Magic
  8182 | D:7      | Reached skill level 5 in Fighting
  8220 | D:7      | Reached skill level 5 in Armour
  8445 | D:8      | Found a stormy altar of Qazlal.
  8450 | D:8      | Found a radiant altar of Vehumet.
  8454 | D:8      | Became a worshipper of Vehumet
  8469 | D:8      | Found Baizel's Distillery.
  8599 | D:8      | Noticed Pikel
  8602 | D:8      | Killed Pikel
  8661 | D:8      | Noticed Erica
  8670 | D:8      | Killed Erica
  8715 | D:8      | Noticed a kobold demonologist
  8720 | D:8      | Killed a kobold demonologist
  8856 | D:8      | Reached XP level 11. HP: 59/64 MP: 16/21
  8957 | D:8      | Noticed Grum
  8973 | D:7      | Reached * piety under Vehumet
  8973 | D:7      | Offered knowledge of Magic Dart by Vehumet.
  8974 | D:7      | Reached skill level 5 in Evocations
  9091 | D:8      | Killed Grum
  9110 | D:8      | Reached skill level 10 in Earth Magic
  9608 | D:10     | Entered Level 10 of the Dungeon
  9693 | D:10     | Found a viscous altar of Jiyva.
  9761 | D:10     | Identified a scroll of acquirement
  9761 | D:10     | Acquired 1219 gold pieces
  9853 | D:10     | Reached skill level 1 in Maces & Flails
  9968 | D:10     | Found a staircase to the Lair.
 10199 | D:9      | Offered knowledge of Searing Ray by Vehumet.
 10211 | D:9      | Reached ** piety under Vehumet
 10265 | D:9      | Got the Treatise on Heated Transmogrification
 10271 | D:9      | Learned a level 4 spell: Flame Wave
 10410 | D:9      | Found a sacrificial altar of Ru.
 10451 | D:9      | Reached skill level 1 in Fire Magic
 10517 | D:9      | Noticed Amaemon
 10772 | D:9      | Killed Amaemon
 11358 | D:9      | Reached XP level 12. HP: 65/72 MP: 22/24
 11409 | D:9      | Noticed a two-headed ogre
 11415 | D:9      | Killed a two-headed ogre
 11507 | D:9      | Reached skill level 11 in Earth Magic
 11513 | D:9      | Offered knowledge of Ignite Poison by Vehumet.
 11809 | D:9      | Reached *** piety under Vehumet
 12037 | D:9      | Got the Verses on Ignition and Shapes
 12479 | D:10     | You fall into a shaft and drop 1 floor!
 12628 | D:11     | Noticed a two-headed ogre
 12637 | D:11     | Killed a two-headed ogre
 12822 | D:10     | Offered knowledge of Sticky Flame by Vehumet.
 12843 | D:10     | Learned a level 4 spell: Sticky Flame
 12853 | D:10     | Learned a level 9 spell: Fire Storm
 13192 | D:11     | Noticed a boulder beetle
 13221 | D:11     | Killed a boulder beetle
 13456 | D:11     | Noticed a six-headed hydra
 13469 | D:11     | Killed a six-headed hydra
 13688 | D:11     | Found a staircase to the Orcish Mines.
 13784 | D:11     | Found Udghenke's Pet Rocks.
 13798 | D:11     | Noticed a two-headed ogre
 14010 | D:11     | Killed a two-headed ogre
 14288 | D:11     | Bought a staff of earth for 425 gold pieces
 14288 | D:11     | Bought the Spellbook of Terra Firma for 408 gold pieces
 14296 | D:11     | Learned a level 6 spell: Iron Shot
 14399 | Lair:1   | Entered Level 1 of the Lair of Beasts
 14458 | Lair:1   | Reached skill level 10 in Conjurations
 14672 | Lair:1   | Noticed Maggie
 14676 | Lair:1   | Killed Maggie
 14677 | Lair:1   | Reached XP level 13. HP: 79/79 MP: 11/25
 14764 | Lair:1   | Noticed Sonja
 14767 | Lair:1   | Killed Sonja
 14768 | Lair:1   | Reached skill level 5 in Maces & Flails
 14979 | Lair:1   | Noticed Joseph
 14982 | Lair:1   | Killed Joseph
 15085 | Lair:1   | You fall into a shaft and drop 1 floor!
 15695 | Lair:2   | Reached **** piety under Vehumet
 16383 | Lair:1   | Reached skill level 12 in Earth Magic
 16451 | Lair:1   | Reached skill level 5 in Dodging
 16665 | Lair:1   | Offered knowledge of Inner Flame by Vehumet.
 16668 | Lair:1   | Reached skill level 5 in Fire Magic
 17636 | Lair:3   | Found a staircase to the Snake Pit.
 17637 | Lair:3   | Found a staircase to the Shoals.
 17655 | Lair:3   | Learned a level 5 spell: Borgnjor's Vile Clutch
 18100 | Lair:3   | Reached skill level 1 in Necromancy
 18646 | Lair:4   | Gained mutation: Your large and strong wings let you fly.
                  | [Gargoyle growth]
 18646 | Lair:4   | Reached XP level 14. HP: 62/86 MP: 23/27
 18888 | Lair:4   | Found a viscous altar of Jiyva.
 18888 | Lair:4   | Found a staircase to the Slime Pits.
 19532 | Lair:5   | Entered Level 5 of the Lair of Beasts
 19553 | Lair:5   | Noticed Josephine
 19557 | Lair:5   | Killed Josephine
 19734 | Lair:5   | Noticed Snorg
 19738 | Lair:5   | Killed Snorg
 19904 | Lair:5   | Reached ***** piety under Vehumet
 19926 | Lair:5   | Noticed Kirke
 20027 | Lair:4   | Reached skill level 10 in Fighting
 20035 | Lair:4   | Killed Kirke
 20035 | Lair:4   | Offered knowledge of Spellforged Servitor by Vehumet.
 20452 | Lair:5   | Noticed a dire elephant
 20466 | Lair:5   | Killed a dire elephant
 20643 | Lair:5   | Reached skill level 10 in Spellcasting
 21035 | Lair:5   | Found a burning altar of Makhleb.
 21038 | Lair:5   | Reached skill level 13 in Earth Magic
 21533 | Lair:5   | Found a gateway to Hell.
 22016 | D:4      | Bought a +2 pair of boots of stealth for 258 gold pieces
 22308 | Orc:1    | Entered Level 1 of the Orcish Mines
 22356 | Orc:1    | Found Xoitu's Overcharged Wands.
 22735 | Orc:1    | Found Qatsuini's Jewellery Shoppe.
 22915 | Orc:1    | Reached skill level 1 in Shields
 22958 | Orc:1    | Killed from afar by an orc priest

Illustrated notes

Levels and vault maps discovered:
D:1:      nicolae_arrival_washed_ashore, layout_loops_corners,
          hangedman_feature_mirror
D:2:      layout_basic, basic_altar, dreamdust_princess_corridor, uniq_terence,
          uniq_robin
D:3:      layout_rooms, shapermc_ecumenical_altar_rom_forum,
          cheibrodos_sewer_entry_bend
D:4:      layout_basic, serial_shops, nicolae_shop_stone, nicolae_stop_n_shop_1,
          shop, shop, minmay_misc_feat_tower, chequers_serial_rivers_small_a,
          uniq_crazy_yiuf_cottage, uniq_natasha
D:5:      layout_cave_pools, nicolae_ossuary_entry_catacombs,
          hellmonk_bongcloud_opening
D:6:      layout_basic, minmay_temple_entry_wispy
D:7:      layout_loops_ring, amcnicky_mini_pool_small, item_on_display_a
D:8:      layout_gridville, mainiacjoe_overflow_big_doors, serial_shops,
          nicolae_lakefront_shop, special_room [special_room_kobold],
          uniq_pikel, uniq_grum, uniq_erica
D:9:      kennysheep_town, uniq_amaemon
D:10:     layout_rooms, due_lair_maze_entry_diamond, jiyva_altar_1
D:11:     layout_basic, david_orc_3, guppyfry_shop_earth
Temple:   nicolae_temple_slightly_damp_pantheon
Lair:1:   layout_misc_corridors, serial_forest, infiniplex_forest_side_room,
          infiniplex_forest_straight_2, infiniplex_forest_straight_2,
          infiniplex_forest_end_2, nicolae_quartered_pool_little, uniq_joseph,
          uniq_maggie, uniq_sonja
Lair:2:   layout_misc_corridors, nicolae_lair_grazing_beasts
          [nicolae_sub_lair_graze_edge, nicolae_sub_lair_graze_edge,
          nicolae_sub_lair_graze_edge, nicolae_sub_lair_graze_edge],
          serial_bayou_shore_b
Lair:3:   layout_roguey, shoals_dummy_entry, dummy_snake_entry, ldierk_geyser,
          forest_entry_grove, lemuel_fruit_tree
Lair:4:   layout_loops_ring, minmay_slime_entry_pillars,
          infiniplex_staircase_pool
Lair:5:   evil_forest, layout_hall_layers, uniq_snorg, uniq_josephine,
          uniq_kirke
Orc:1:    cheibrodos_orc_bank, layout_diamond_mine, serial_shops, shop,
          nicolae_shop_overcharged_wands

Skill      XL: |  1  2  3  4  5  6  7  8  9 10 11 12 13 14 |
---------------+-------------------------------------------+-----
Earth Magic    | 4 5 6 7 8 9 10 11 12 13 | 13.1
Conjurations   | 1 2 4 5 6 8 9 10 | 10.6
Spellcasting   | 3 4 5 6 7 8 9 10 | 10.2
Fighting       | 2 4 6 7 8 9 10 | 10.4
Armour         | 2 4 6 |  6.2
Evocations     | 2 3 4 5 6 7 |  7.3
Dodging        | 3 4 5 |  5.2
Maces & Flails | 3 4 7 9 |  9.1
Fire Magic     | 2 4 5 7 |  7.0
Necromancy     | 1 3 |  3.1
Shields        | 1 |  1.0
Staves         | |  0.2
Stealth        | |  2.1
Transmutations | |  0.7

Action                   |  1- 3 |  4- 6 |  7- 9 | 10-12 | 13-15 || total
-------------------------+-------+-------+-------+-------+-------++-------
Melee: Flail             |       |       |       |    34 |       ||    34
       Staff             |       |       |       |     8 |   327 ||   335
       Punch             |       |       |       |     2 |     4 ||     6
Throw: Dart              |       |       |       |       |     1 ||     1
 Cast: Sandblast         |    54 |   118 |   218 |   414 |   224 ||  1028
       Sticky Flame      |       |       |       |     9 |     2 ||    11
       Iron Shot         |       |       |       |     6 |   101 ||   107
       Flame Wave        |       |       |       |     6 |       ||     6
       Passwall          |       |       |       |       |     2 ||     2
       Stone Arrow       |       |       |       |       |     1 ||     1
       Borgnjor's Vile C |       |       |       |       |     1 ||     1
Evoke: Wand              |       |     2 |       |    15 |     4 ||    21
  Use: Potion            |       |     1 |       |     1 |     3 ||     5
       Scroll            |       |     3 |     9 |    19 |     8 ||    39
Armor: Robe              |    13 |    36 |    77 |   270 |   276 ||   672
Dodge: Dodged            |    14 |    74 |   164 |   470 |   531 ||  1253

Table legend: (Time is in decaauts)
 A = Elapsed time spent in this place.
 B = Non-inter-level travel time spent in this place.
 C = Inter-level travel time spent in this place.
 D = Time resting spent in this place.
 E = Time spent auto-exploring this place.
 F = Levels seen in this place.
 G = Mean time per level.
                   A        B        C        D        E       F      G
               +--------+--------+--------+--------+--------+-----+--------+
         Total |  24116 |  22730 |   1386 |   6215 |   9018 |  20 | 1205.8 |
       Dungeon |  14295 |  13260 |   1035 |   2937 |   6175 |  11 | 1299.5 |
        Temple |    226 |    226 |      0 |      0 |    147 |   1 |  226.0 |
          Lair |   7858 |   7508 |    350 |   2731 |   2412 |   5 | 1571.6 |
  Orcish Mines |    695 |    695 |      0 |    176 |    171 |   1 |  695.0 |
         Sewer |    728 |    728 |      0 |    261 |    112 |   1 |  728.0 |
       Ossuary |    311 |    311 |      0 |    110 |      0 |   1 |  311.0 |
               +--------+--------+--------+--------+--------+-----+--------+

Top non-repeatable levels by time:
     D:9: 2651 daAuts
  Lair:5: 2046 daAuts
  Lair:1: 1749 daAuts
     D:1: 1579 daAuts
  Lair:4: 1488 daAuts
     D:4: 1461 daAuts
    D:11: 1400 daAuts
  Lair:2: 1357 daAuts
     D:8: 1334 daAuts
    D:10: 1315 daAuts
  Lair:3: 1215 daAuts
     D:7: 1153 daAuts
     D:2: 1029 daAuts
     D:5: 986 daAuts
     D:6: 873 daAuts
